BSA
BAFFIN ISLAND BEAVERS @ NEW ORLEANS LOOTERS
07/04/2027
 
TOP OF THE 1ST
Baffin Island Beavers batting - Pitching for New Orleans Looters : RHP Anthony O'Connor
Pitching: RHP Anthony O'Connor
Batting: LHB Chris Bates 0-0: Ball
1-0: Foul Ball, location: 2F
1-1: Swinging Strike
1-2: Strikes out swinging
Batting: SHB Alonso Ferreira 0-0: Ball
1-0: Called Strike
1-1: Ball
2-1: Foul Ball, location: 2F
2-2: SINGLE (Groundball, 4MD)
Batting: LHB Norberto Muńóz 0-0: Foul Ball, location: 2F
0-1: Ball
1-1: Ball
Wild Pitch!
Alonso Ferreira to second
2-1: Foul Ball, location: 2F
2-2: Ground out 4-3 (Groundball, 34)
Alonso Ferreira to third
Batting: LHB Lorenzo Villa 0-0: Ball
1-0: Ball
2-0: Ball
3-0: Foul Ball, location: 2F
3-1: Base on Balls
Batting: LHB Mario García 0-0: Ball
1-0: Called Strike
1-1: Fly out, F9 (Line Drive, 9)
Top of the 1st over - 0 run(s), 1 hit(s), 0 error(s), 2 left on base; Baffin Island 0 - New Orleans 0
BOTTOM OF THE 1ST
New Orleans Looters batting - Pitching for Baffin Island Beavers : RHP José Rojas
Pitching: RHP José Rojas
Batting: SHB Nate Rhodes 0-0: Ball
1-0: Ball
2-0: Foul Ball, location: 2F
2-1: Bunt for hit - play at first, batter OUT! 2-3
Batting: RHB Dave O'Loan 0-0: Called Strike
0-1: Fly out, F9 (Flyball, 9LM)
Batting: SHB Oliver Deleón 0-0: Ball
1-0: Ball
2-0: Ball
3-0: Called Strike
3-1: Fly out, F7 (Line Drive, 7D)
Bottom of the 1st over - 0 run(s), 0 hit(s), 0 error(s), 0 left on base; Baffin Island 0 - New Orleans 0
TOP OF THE 2ND
Baffin Island Beavers batting - Pitching for New Orleans Looters : RHP Anthony O'Connor
Batting: RHB Dave Craig 0-0: Ball
1-0: Called Strike
1-1: Ball
2-1: Foul Ball, location: 2F
2-2: Fly out, F9 (Flyball, 89S)
Batting: LHB Mike MacFadden 0-0: Ball
1-0: Foul Ball, location: 2F
1-1: Ground out 5-3 (Groundball, 56)
Batting: RHB Raúl Soto 0-0: Called Strike
0-1: Foul Ball, location: 2F
0-2: Foul Ball, location: 2F
0-2: Ball
1-2: Foul Ball, location: 2F
1-2: Strikes out swinging
Top of the 2nd over - 0 run(s), 0 hit(s), 0 error(s), 0 left on base; Baffin Island 0 - New Orleans 0
BOTTOM OF THE 2ND
New Orleans Looters batting - Pitching for Baffin Island Beavers : RHP José Rojas
Batting: LHB Seung-chun Mun 0-0: Ground out 4-3 (Groundball, 4)
Batting: RHB José Mora 0-0: Ball
1-0: Called Strike
1-1: Foul Ball, location: 2F
1-2: Ball
2-2: Ball
3-2: Fly out, F9 (Flyball, 9S)
Batting: LHB Taylor Smith 0-0: Called Strike
0-1: Ground out 4-3 (Groundball, 34D)
Bottom of the 2nd over - 0 run(s), 0 hit(s), 0 error(s), 0 left on base; Baffin Island 0 - New Orleans 0
TOP OF THE 3RD
Baffin Island Beavers batting - Pitching for New Orleans Looters : RHP Anthony O'Connor
Batting: LHB Howard Evans 0-0: Swinging Strike
0-1: Ball
1-1: Foul Ball, location: 2F
1-2: Strikes out swinging
Batting: LHB Chris Bates 0-0: Called Strike
0-1: Ball
1-1: SINGLE (Line Drive, 6D)
Batting: SHB Alonso Ferreira 0-0: Ball
1-0: Swinging Strike
1-1: Ball
2-1: Swinging Strike
2-2: SINGLE (Groundball, 4MD)
Chris Bates to second
Batting: LHB Norberto Muńóz 0-0: Called Strike
0-1: Fielders Choice at 2nd, 5-4 (Groundball, 56)
Chris Bates to third
Batting: LHB Lorenzo Villa 0-0: Ball
1-0: Called Strike
1-1: Called Strike
1-2: SINGLE (Groundball, 4) (infield hit)
Chris Bates scores
Norberto Muńóz to second
Batting: LHB Mario García 0-0: Ball
1-0: Foul Ball, location: 2F
1-1: Ball
2-1: Foul Ball, location: 2F
2-2: Foul Ball, location: 2F
2-2: Ball
3-2: Strikes out swinging
Top of the 3rd over - 1 run(s), 3 hit(s), 0 error(s), 2 left on base; Baffin Island 1 - New Orleans 0
BOTTOM OF THE 3RD
New Orleans Looters batting - Pitching for Baffin Island Beavers : RHP José Rojas
Batting: RHB Rubén Vázquez 0-0: Called Strike
0-1: SINGLE (Line Drive, 34)
Batting: RHB John Anderson 0-0: Called Strike
0-1: SINGLE (Groundball, 6D)
Rubén Vázquez to second
Batting: RHB Tim Gardner 0-0: Foul Ball, location: 2F
0-1: Ball
1-1: Ball
2-1: Reached on error, E6 (Groundball, 6)
Rubén Vázquez to third
John Anderson to second
Batting: SHB Nate Rhodes 0-0: Ball
1-0: Called Strike
1-1: Swinging Strike
1-2: Fly out, F4 (Line Drive, 4M)
Batting: RHB Dave O'Loan 0-0: Ball
1-0: Ball
2-0: Ball
3-0: Fly out, F6 (Popup, 6D)
Batting: SHB Oliver Deleón 0-0: Called Strike
0-1: Ground out U3 (Groundball, 34)
Bottom of the 3rd over - 0 run(s), 2 hit(s), 1 error(s), 3 left on base; Baffin Island 1 - New Orleans 0
TOP OF THE 4TH
Baffin Island Beavers batting - Pitching for New Orleans Looters : RHP Anthony O'Connor
Batting: RHB Dave Craig 0-0: Called Strike
0-1: Ball
1-1: DOUBLE (Flyball, 78D)
Batting: LHB Mike MacFadden 0-0: Ball
1-0: Foul Ball, location: 2F
1-1: Ball
2-1: Foul Ball, location: 2F
2-2: Ground out 6-3 (Groundball, 6)
Batting: RHB Raúl Soto 0-0: Called Strike
0-1: Ball
1-1: Fly out, F9 (Flyball, 89D)
Runner from 2nd tags up, SAFE at 3rd, no throw
Batting: LHB Howard Evans 0-0: Ball
1-0: Ball
2-0: Called Strike
2-1: Swinging Strike
2-2: Foul Ball, location: 2F
2-2: Strikes out swinging passed ball, reaches first!
Dave Craig scores
Batting: LHB Chris Bates 0-0: Foul Ball, location: 2F
0-1: Fly out, F9 (Flyball, 9S)
Top of the 4th over - 1 run(s), 1 hit(s), 0 error(s), 1 left on base; Baffin Island 2 - New Orleans 0
BOTTOM OF THE 4TH
New Orleans Looters batting - Pitching for Baffin Island Beavers : RHP José Rojas
Batting: LHB Seung-chun Mun 0-0: Called Strike
0-1: Ground out U3 (Groundball, 34)
Batting: RHB José Mora 0-0: Called Strike
0-1: Ball
1-1: Swinging Strike
1-2: Foul Ball, location: 2F
1-2: Foul Ball, location: 2F
1-2: Strikes out swinging
Batting: LHB Taylor Smith 0-0: Called Strike
0-1: Ball
1-1: Ball
2-1: DOUBLE (Line Drive, 78D)
Batting: RHB Rubén Vázquez 0-0: Ball
1-0: Ball
2-0: Ball
3-0: Base on Balls
Batting: RHB John Anderson 0-0: Swinging Strike
0-1: Ball
1-1: Reached on error, E9 (Flyball, 9)
Taylor Smith scores
Rubén Vázquez to third
Batting: RHB Tim Gardner 0-0: Called Strike
0-1: Foul Ball, location: 2F
0-2: Foul Ball, location: 2F
0-2: Fly out, F8 (Flyball, 8RM)
Bottom of the 4th over - 1 run(s), 1 hit(s), 1 error(s), 2 left on base; Baffin Island 2 - New Orleans 1
TOP OF THE 5TH
Baffin Island Beavers batting - Pitching for New Orleans Looters : RHP Anthony O'Connor
Batting: SHB Alonso Ferreira 0-0: Called Strike
0-1: SINGLE (Groundball, 34D)
Pitching: RHP Bartolo González
Batting: LHB Norberto Muńóz 0-0: Called Strike
0-1: Swinging Strike
0-2: Ball
1-2: Ball
2-2: Strikes out looking
Batting: LHB Lorenzo Villa 0-0: Fly out, F9 (Flyball, 9S)
Batting: LHB Mario García 0-0: Ball
1-0: Fielders Choice at 2nd, 4-6 (Groundball, 4)
Top of the 5th over - 0 run(s), 1 hit(s), 0 error(s), 0 left on base; Baffin Island 2 - New Orleans 1
BOTTOM OF THE 5TH
New Orleans Looters batting - Pitching for Baffin Island Beavers : RHP José Rojas
Batting: SHB Nate Rhodes 0-0: Foul Ball, location: 2F
0-1: Swinging Strike
0-2: Ball
1-2: SINGLE (Groundball, 4D)
Batting: RHB Dave O'Loan 0-0: Ball
1-0: Called Strike
1-1: Grounds into double play, 1-6-3 (Groundball, 13)
Batting: SHB Oliver Deleón 0-0: Ground out 4-3 (Groundball, 4)
Bottom of the 5th over - 0 run(s), 1 hit(s), 0 error(s), 0 left on base; Baffin Island 2 - New Orleans 1
TOP OF THE 6TH
Baffin Island Beavers batting - Pitching for New Orleans Looters : RHP Bartolo González
Batting: RHB Dave Craig 0-0: Called Strike
0-1: Ball
1-1: Foul Ball, location: 2F
1-2: Ball
2-2: Fly out, F2 (Popup, 23)
Batting: LHB Mike MacFadden 0-0: Ball
1-0: Swinging Strike
1-1: SINGLE (Groundball, 6MD)
Batting: RHB Raúl Soto 0-0: Ball
1-0: Foul Ball, location: 2F
1-1: Swinging Strike
1-2: Fly out, F9 (Flyball, 89D)
Batting: LHB Howard Evans 0-0: Ball
1-0: Ball
2-0: Called Strike
2-1: Called Strike
2-2: Foul Ball, location: 2F
2-2: Ground out 4-3 (Groundball, 34)
Top of the 6th over - 0 run(s), 1 hit(s), 0 error(s), 1 left on base; Baffin Island 2 - New Orleans 1
BOTTOM OF THE 6TH
New Orleans Looters batting - Pitching for Baffin Island Beavers : RHP José Rojas
Batting: LHB Seung-chun Mun 0-0: Foul Ball, location: 2F
0-1: Ball
1-1: Ball
2-1: Swinging Strike
2-2: Ball
3-2: Base on Balls
Batting: RHB José Mora 0-0: Ball
1-0: Fly out, F7 (Flyball, 7LD)
Batting: LHB Taylor Smith 0-0: Ball
1-0: Grounds into double play, 4-6-3 (Groundball, 4)
Bottom of the 6th over - 0 run(s), 0 hit(s), 0 error(s), 0 left on base; Baffin Island 2 - New Orleans 1
TOP OF THE 7TH
Baffin Island Beavers batting - Pitching for New Orleans Looters : RHP Bartolo González
Batting: LHB Chris Bates 0-0: Ball
1-0: Called Strike
1-1: Fly out, F8 (Flyball, 8LM)
Batting: SHB Alonso Ferreira 0-0: Foul Ball, location: 2F
0-1: Ball
1-1: Called Strike
1-2: Ground out 4-3 (Groundball, 34D)
Batting: LHB Norberto Muńóz 0-0: Ball
1-0: Foul Ball, location: 2F
1-1: Fly out, F4 (Line Drive, 4)
Top of the 7th over - 0 run(s), 0 hit(s), 0 error(s), 0 left on base; Baffin Island 2 - New Orleans 1
BOTTOM OF THE 7TH
New Orleans Looters batting - Pitching for Baffin Island Beavers : RHP José Rojas
Batting: RHB Rubén Vázquez 0-0: Ball
1-0: Foul Ball, location: 2F
1-1: SINGLE (Groundball, 56D)
Batting: RHB John Anderson 0-0: Ball
1-0: Foul Ball, location: 2F
1-1: Called Strike
1-2: SINGLE (Groundball, 34)
Rubén Vázquez to second
Runner from 2nd tries for 3rd, SAFE, throw made to third
Pinch Hitting: LHB Jeff Cole 0-0: Called Strike
0-1: Foul Ball, location: 2F
0-2: Foul Ball, location: 2F
0-2: SINGLE (Groundball, 34)
Rubén Vázquez scores
John Anderson to second
Batting: SHB Nate Rhodes 0-0: Bunted foul
0-1: Sac Bunt - play at first, batter OUT! 2-4
John Anderson to third
Jeff Cole to second
Batting: RHB Dave O'Loan 0-0: Called Strike
0-1: Foul Ball, location: 2F
0-2: Ball
1-2: Foul Ball, location: 2F
1-2: Ball
2-2: Ball
3-2: Base on Balls
Pitching: RHP Luis Féliz
Batting: SHB Oliver Deleón 0-0: Called Strike
0-1: Fly out, F9 (Line Drive, 9)
Batting: LHB Seung-chun Mun 0-0: Ball
1-0: Swinging Strike
1-1: Called Strike
1-2: Foul Ball, location: 2F
1-2: Foul Ball, location: 2F
1-2: Foul Ball, location: 2F
1-2: Foul Ball, location: 2F
1-2: Foul Ball, location: 2F
1-2: Ground out 3-1 (Groundball, 34)
Bottom of the 7th over - 1 run(s), 3 hit(s), 0 error(s), 3 left on base; Baffin Island 2 - New Orleans 2
TOP OF THE 8TH
Baffin Island Beavers batting - Pitching for New Orleans Looters : RHP Bartolo González
Now at 3B: Rich Ruffin
Batting: LHB Lorenzo Villa 0-0: Ball
1-0: Swinging Strike
1-1: Called Strike
1-2: Ball
2-2: Ball
3-2: Base on Balls
Batting: LHB Mario García 0-0: Called Strike
0-1: Ball
1-1: SINGLE (Line Drive, 34)
Lorenzo Villa to second
Pitching: RHP Juan Flores
Batting: RHB Dave Craig 0-0: Bunted foul
0-1: Bunted foul
0-2: Ball
1-2: Foul Ball, location: 2F
1-2: Foul Ball, location: 2F
1-2: Ball
2-2: Fly out, F6 (Popup, 56D)
Batting: LHB Mike MacFadden 0-0: Called Strike
0-1: Ball
1-1: Fly out, F7 (Flyball, 78M)
Batting: RHB Raúl Soto 0-0: Foul Ball, location: 2F
0-1: Ball
1-1: Ball
2-1: Foul Ball, location: 2F
2-2: Strikes out swinging
Top of the 8th over - 0 run(s), 1 hit(s), 0 error(s), 2 left on base; Baffin Island 2 - New Orleans 2
BOTTOM OF THE 8TH
New Orleans Looters batting - Pitching for Baffin Island Beavers : RHP Luis Féliz
Batting: RHB José Mora 0-0: DOUBLE (Groundball, 5L)
Batting: LHB Taylor Smith 0-0: Intentional Walk
Batting: RHB Rubén Vázquez 0-0: Ball
1-0: Ball
2-0: Ball
3-0: Base on Balls
José Mora to third
Taylor Smith to second
Batting: RHB John Anderson 0-0: Foul Ball, location: 2F
0-1: Ball
1-1: Fly out, F8 (Flyball, 8RD)
Runner from 3rd tags up, SCORES, no throw
Taylor Smith to third
Batting: RHB Rich Ruffin 0-0: Ball
1-0: Ball
2-0: Fly out, F9 (Flyball, 9S)
Batting: SHB Nate Rhodes 0-0: Foul Ball, location: 2F
0-1: Reached on error, E4 (Groundball, 34)
Taylor Smith scores
Rubén Vázquez to second
Batting: RHB Dave O'Loan 0-0: Called Strike
0-1: Foul Ball, location: 2F
0-2: Ball
1-2: Ball
2-2: Foul Ball, location: 2F
2-2: Foul Ball, location: 2F
2-2: Foul Ball, location: 2F
2-2: Foul Ball, location: 2F
2-2: 3-RUN HOME RUN (Flyball, 7LD), Distance : 351 ft
Batting: SHB Oliver Deleón 0-0: Ball
1-0: Called Strike
1-1: Ball
2-1: Ball
3-1: Base on Balls
Pitching: RHP Will Huggins
Batting: LHB Seung-chun Mun 0-0: Called Strike
0-1: Fielders Choice at 2nd, 6-4 (Groundball, 56)
Bottom of the 8th over - 5 run(s), 2 hit(s), 1 error(s), 0 left on base; Baffin Island 2 - New Orleans 7
TOP OF THE 9TH
Baffin Island Beavers batting - Pitching for New Orleans Looters : RHP Juan Flores
Batting: LHB Howard Evans 0-0: Swinging Strike
0-1: Foul Ball, location: 2F
0-2: SINGLE (Line Drive, 7S)
Batting: LHB Chris Bates 0-0: Called Strike
0-1: Ball
1-1: Ball
2-1: Swinging Strike
2-2: Ball
3-2: Fly out, F8 (Flyball, 8LS)
Batting: SHB Alonso Ferreira 0-0: Fielders Choice at 2nd, 5-4 (Groundball, 5L)
Batting: LHB Norberto Muńóz 0-0: Called Strike
0-1: Fielders Choice at 2nd, 4-6 (Groundball, 34)
Top of the 9th over - 0 run(s), 1 hit(s), 0 error(s), 0 left on base; Baffin Island 2 - New Orleans 7
Thursday, March 30th, 2017 - OOTP Baseball 17.12 Build 75